 Dungeon Crawl Stone Soup version 0.27-a0-773-gaaee5cf45b (console) character file.

Game seed: 16678945116425894837

44368 jejorda2 the Phalangite (level 14, -5/187 HPs)
             Began as a Merfolk Berserker on Mar 25, 2021.
             Was a High Priest of Trog.
             Succumbed to a sea snake's poison
             ... on level 6 of the Lair of Beasts.
             The game lasted 00:40:29 (19803 turns).

jejorda2 the Phalangite (Merfolk Berserker)        Turns: 19803, Time: 00:40:30

Health: -5/187     AC: 19    Str: 21    XL:     14   Next: 28%
Magic:  14/14      EV: 16    Int:  7    God:    Trog [*****.]
Gold:   238        SH:  0    Dex: 14    Spells: 13/13 levels left

rFire    + . .     SeeInvis .   a - +2 glaive (flame)
rCold    + . .     Faith    .   (shield currently unavailable)
rNeg     . . .     Spirit   .   J - +0 swamp dragon scales
rPois    +         Reflect  .   e - +2 helmet
rElec    .         Harm     .   r - +2 cloak
rCorr    .         Rampage  .   m - +2 pair of gloves
Will     ++...                  (boots currently unavailable)
Stlth    ..........             g - amulet of the acrobat
HPRegen  0.41/turn              q - ring of willpower
MPRegen  0.14/turn              I - ring of the Cockroach {rF+ rC+}

@: berserking, lethally poisoned (-5 -> -43), frozen, very quick
A: nimble swimmer 2, mertail
a: Renounce Religion, Berserk, Trog's Hand, Brothers in Arms


You were on level 6 of the Lair of Beasts.
You worshipped Trog.
Trog was extremely pleased with you.
You visited 2 branches of the dungeon, and saw 16 of its levels.
You also visited: Sewer and Bailey.

You collected 906 gold pieces.
You spent 668 gold pieces at shops.

Inventory:

Hand Weapons
 a - a +2 glaive of flaming (weapon)
Missiles
 b - 2 throwing nets
 s - 7 javelins
 v - 86 boomerangs
 C - 33 poisoned darts (quivered)
 K - 6 datura-tipped darts
 L - 9 curare-tipped darts
Armour
 e - a +2 helmet (worn)
 m - a +2 pair of gloves (worn)
 o - a +3 scale mail of positive energy
 r - a +2 cloak (worn)
 J - +0 swamp dragon scales (worn)
Jewellery
 g - an amulet of the acrobat (around neck)
 q - a ring of willpower (right hand)
 w - a ring of fire
 I - the ring of the Cockroach (left hand) {rF+ rC+}
   (You bought it in a shop on level 4 of the Dungeon)

   [ring of protection from cold]

   It protects you from fire.
   It protects you from cold.
Wands
 t - a wand of random effects (38)
 u - a wand of digging (3)
 D - a wand of flame (24)
 E - a wand of paralysis (9)
 F - a wand of iceblast (17)
Scrolls
 i - 5 scrolls of teleportation
 k - 3 scrolls of fog
 p - 3 scrolls of blinking
 y - a scroll of enchant armour
 B - 6 scrolls of identify
 G - 2 scrolls of fear
 H - a scroll of enchant weapon
 M - a scroll of magic mapping
Potions
 c - 2 potions of attraction
 d - 3 potions of curing
 f - 3 potions of lignification
 h - a potion of mutation
 j - 2 potions of resistance
 l - a potion of cancellation
 n - 2 potions of ambrosia
 x - a potion of heal wounds
 A - 3 potions of haste
Miscellaneous
 z - a lightning rod (4/4)
 N - a phial of floods


   Skills:
 - Level 16.0 Fighting
 + Level 22.2 Polearms
 - Level 6.0 Throwing
 - Level 8.0 Armour
 - Level 6.0 Dodging
 - Level 6.0 Evocations


You had 13 spell levels left.
You didn't know any spells.
Your spell library contained the following spells:

 Spells                   Type           Power      Damage    Failure   Level
 Foxfire                  Conj/Fire      0%         2x1d4     56%         1
 Conjure Flame            Conj/Fire      0%         6-21      91%         3
 Inner Flame              Hex/Fire       0%         N/A       91%         3
 Sticky Flame             Conj/Fire      0%         2d3       100%        4
 Fireball                 Conj/Fire      0%         3d3       100%        5


Dungeon Overview and Level Annotations

Branches:
Dungeon (10/15)            Temple (0/1) D:4            Lair (6/6) D:9
  Swamp (0/4) Lair:2       Spider (0/4) Lair:4        Sewer (visited)
 Bailey (visited)
  Slime: Lair:5-6       Orc: D:9-12

Altars:
Cheibriados
Gozag
Kikubaaqudgha
Makhleb
Okawaru
Ru
Trog
Wu Jian
Yredelemnul
The Shining One

Shops:
D:2 =   D:4 =   D:9 [

Annotations:
D:9 2 transporters, sahdkjhfkaj's ghost, journeyman VSBr
Lair:4 exclusion: downstairs


Innate Abilities, Weirdness & Mutations

You are quick and stealthy while swimming. (Stealth+, EV+, Speed+++)
Your lower body shifts to a powerful aquatic tail in water.


Message History

You slice the wind drake!! You burn the wind drake.
Your tail-slap misses the wind drake.
The wind drake is severely wounded.
The harpy closely misses you. The harpy completely misses you.
The komodo dragon closely misses you.
The rime drake bites the plant.
The wind drake bites you!
* * * LOW HITPOINT WARNING * * *
The sea snake bites you!
* * * LOW HITPOINT WARNING * * *
You slash the wind drake! You burn the wind drake.
Your tail-slap misses the wind drake.
The wind drake is almost dead.
The harpy closely misses you. The harpy misses you.
You hit the wind drake but do no damage.
The wind drake is almost dead.
The harpy closely misses you. x2
The wind drake bites you but does no damage.
The rime drake bites the plant.
A polar bear comes into view.
The sea snake completely misses you.
The komodo dragon bites you but does no damage.
You barely miss the wind drake.
The wind drake is almost dead.
The harpy barely misses you. The harpy completely misses you.
You closely miss the wind drake.
The wind drake is almost dead.
The harpy screeches!
You hear a loud, deep croak!
The harpy claws you.
* * * LOW HITPOINT WARNING * * *
The harpy claws you but does no damage.
The wind drake bites you but does no damage.
The rime drake bites the plant.
The sea snake bites you!
* * * LOW HITPOINT WARNING * * *
You are lethally poisoned!
The sea snake poisons you!
The komodo dragon bites you but does no damage.
You hear an angry hiss.
You closely miss the wind drake.
The wind drake is almost dead.
You die...

.....#.#....^......
.....#...†.........
.......≈≈.≈.≈≈≈≈≈≈.
.....##≈P.#≈P..≈≈.#
.....##≈≈.#≈≈##≈≈##
.....P≈≈≈≈≈≈≈≈≈≈≈≈
....≈≈≈≈≈≈≈≈≈≈≈≈≈
.....#.≈†########
.....##≈#@S≈#
.....≈≈≈kHl≈#
P#...≈≈≈Pk≈≈#
###.##≈≈≈≈y# #.≈
.≈#≈#≈. #.#
≈≈≈≈≈≈#.P #.
.≈≈≈≈≈≈ .≈h
≈≈##≈#≈≈ .≈#≈


You could see a sea snake, a wind drake (repels missiles), a polar bear, a
komodo dragon, a harpy, a rime drake (catching breath) and a hornet.

Vanquished Creatures
  A fire dragon (D:9)
  6 hydras
  2 boulder beetles
  A catoblepas (Lair:5)
  4 death yaks (Lair:5)
  3 two-headed ogres (D:9)
  Nergalle (Lair:4)
  Sonja (Lair:4)
  A sea snake (shapeshifter) (D:9)
  2 orc knights (Bailey)
  Pikel (D:7)
  A manticore (Lair:5)
  A wolf spider (D:9)
  5 black mambas
  5 elephants
  Maggie (Lair:2)
  11 cane toads
  7 komodo dragons
  2 polar bears (Lair:4)
  A hornet (shapeshifter) (D:9)
  14 blink frogs
  5 wyverns
  3 basilisks
  A vampire (D:9)
  7 fire bats (Lair:1)
  45 yaks
  Eustachio (D:6)
  3 steam dragons
  2 vampire mosquitoes (D:10)
  An acid dragon (D:10)
  19 water moccasins
  2 necrophages
  8 orc warriors
  3 black bears
  3 ogres
  8 centaurs
  A lemure (D:6)
  A phantom (D:4)
  2 gnoll sergeants (D:8)
  A kobold brigand (D:10)
  9 bullfrogs
  A wyvern zombie (D:7)
  A wyvern skeleton (D:7)
  2 scorpions
  A water moccasin skeleton (D:5)
  7 killer bees
  A wight (D:9)
  2 howler monkeys (D:5)
  Crazy Yiuf (D:5)
  4 centaur zombies
  A lava snake (Lair:1)
  5 hounds
  3 jellies
  3 orc priests
  A bullfrog skeleton (D:5)
  2 iguanas
  Ijyb (D:4)
  8 orc wizards
  A killer bee zombie (D:6)
  A howler monkey zombie (D:6)
  15 gnolls
  7 adders
  3 ufetubi (D:5)
  2 adder zombies (D:2)
  3 worms
  3 dart slugs
  16 orcs
  A bat skeleton (D:2)
  A bat zombie (D:2)
  10 endoplasms
  14 giant cockroaches
  12 goblins
  11 hobgoblins
  6 jackals (D:1)
  8 quokkas
  18 ball pythons
  2 ball python skeletons (D:2)
  A ball python zombie (D:2)
  7 bats
  20 frilled lizards
  A giant cockroach zombie (D:2)
  24 kobolds
  6 rats
433 creatures vanquished.

Vanquished Creatures (collateral kills)
  A hydra (D:9)
  A catoblepas (Lair:5)
  A deep elf zephyrmancer (D:9)
  A manticore (Lair:5)
  A hornet (Lair:5)
5 creatures vanquished.

Vanquished Creatures (others)
  A bush (Lair:2)
  20 fungi
  46 plants
67 creatures vanquished.

Grand Total: 505 creatures vanquished

Notes
Turn   | Place    | Note
-------+----------+-------------------------------------------
     0 | D:1      | jejorda2 the Merfolk Berserker began the quest for the Orb.
     0 | D:1      | Reached XP level 1. HP: 18/18 MP: 1/1
   272 | D:1      | Reached XP level 2. HP: 22/24 MP: 2/2
   305 | D:1      | Reached skill level 5 in Polearms
   521 | D:1      | Reached XP level 3. HP: 24/29 MP: 3/3
   725 | D:1      | Reached ** piety under Trog
  1111 | D:2      | Reached XP level 4. HP: 37/37 MP: 4/4
  1113 | D:2      | Reached skill level 6 in Polearms
  1384 | D:2      | Found a glowing golden altar of the Shining One.
  1448 | D:2      | Found Vocuduzo's Jewellery Shoppe.
  1727 | D:2      | Reached XP level 5. HP: 19/42 MP: 5/5
  2031 | D:2      | Found a sacrificial altar of Ru.
  2243 | D:3      | Found an ornate altar of the Wu Jian Council.
  2758 | D:3      | Reached *** piety under Trog
  3117 | D:2      | Found an ancient bone altar of Kikubaaqudgha.
  3117 | D:2      | Found a basalt altar of Yredelemnul.
  3415 | D:4      | Reached skill level 16 in Polearms
  3415 | D:4      | Reached XP level 6. HP: 48/48 MP: 6/6
  3416 | D:4      | Reached skill level 18 in Polearms
  3416 | D:4      | Reached XP level 7. HP: 59/59 MP: 7/7
  3489 | D:4      | Found a staircase to the Ecumenical Temple.
  3580 | D:4      | You fall into a shaft and drop 3 floors!
  3798 | D:6      | Found a burning altar of Makhleb.
  3844 | D:6      | Noticed Pikel
  3888 | D:7      | Killed Pikel
  3889 | D:7      | Reached XP level 8. HP: 39/65 MP: 8/8
  4233 | D:6      | Noticed Eustachio
  4289 | D:6      | Killed Eustachio
  4290 | D:6      | Reached skill level 19 in Polearms
  4394 | D:6      | Reached XP level 9. HP: 60/72 MP: 9/9
  4506 | D:5      | Entered Level 5 of the Dungeon
  4697 | D:5      | Found a glowing drain.
  4706 | Sewer    | Entered a sewer
  4822 | Sewer    | Reached **** piety under Trog
  4964 | Sewer    | Identified a scroll of acquirement
  4964 | Sewer    | Acquired a manual of Fighting
  5181 | D:5      | Found a runed translucent door.
  5182 | D:5      | Noticed Crazy Yiuf
  5190 | D:5      | Killed Crazy Yiuf
  5763 | D:4      | Reached ***** piety under Trog
  5778 | D:4      | Found Qyliak's Jewellery Shoppe.
  5836 | D:4      | Noticed Ijyb
  5842 | D:4      | Killed Ijyb
  5846 | D:4      | Found a snail-covered altar of Cheibriados.
  6237 | D:2      | Bought a ring of poison resistance for 200 gold pieces
  6909 | D:8      | Reached skill level 5 in Armour
  6909 | D:8      | Reached XP level 10. HP: 60/80 MP: 10/10
  7274 | D:8      | Found an iron altar of Okawaru.
  7951 | D:9      | Identified the +1 giant spiked club of Conflict {antimagic,
                  | rPois}
  7951 | D:9      | Noticed a two-headed ogre
  7951 | D:9      | Noticed a two-headed ogre
  7951 | D:9      | Noticed sahdkjhfkaj's ghost (journeyman VSBr)
  7952 | D:9      | Noticed a moth of wrath
  7954 | D:9      | Noticed a two-headed ogre
  7958 | D:9      | Killed a two-headed ogre
  7959 | D:9      | Found a bloodstained altar of Trog.
  8002 | D:9      | Identified the +6 hand axe "Taurph" {antimagic, rElec
                  | Stlth+}
  8002 | D:9      | Noticed a tengu warrior
  8165 | D:9      | Reached skill level 20 in Polearms
  8179 | D:9      | Received a gift from Trog
  8256 | D:9      | Found a staircase to the Lair.
  8257 | D:9      | Noticed a two-headed ogre
  8277 | D:9      | Killed a two-headed ogre
  8355 | D:9      | Found Hugroisi's Armour Boutique.
  8409 | D:9      | Noticed a two-headed ogre
  8521 | D:9      | Noticed a wolf spider
  8525 | D:9      | Killed a wolf spider
  8546 | D:10     | Entered Level 10 of the Dungeon
  8557 | D:10     | Found a flagged portal.
  8568 | D:10     | Reached XP level 11. HP: 58/87 MP: 11/11
  8607 | Bailey   | Entered a bailey
  8781 | Bailey   | Noticed an orc knight
  8781 | Bailey   | Noticed an orc knight
  8804 | Bailey   | Killed an orc knight
  8805 | Bailey   | Killed an orc knight
  8998 | D:10     | Reached skill level 10 in Fighting
  9519 | D:10     | Found an opulent altar of Gozag.
 10063 | D:9      | Noticed a fire dragon
 10069 | D:9      | Killed a fire dragon
 10179 | D:9      | Noticed an eight-headed hydra
 10187 | D:9      | Killed an eight-headed hydra
 10191 | D:9      | Noticed a deep elf zephyrmancer
 10193 | D:9      | Killed a deep elf zephyrmancer
 10467 | D:9      | Found a transporter.
 10481 | D:9      | Found a transporter.
 10621 | D:9      | Killed a two-headed ogre
 10622 | D:9      | Reached XP level 12. HP: 61/103 MP: 12/12
 10831 | D:9      | Reached skill level 1 in Throwing
 12415 | Lair:1   | Entered Level 1 of the Lair of Beasts
 12471 | Lair:1   | Noticed a five-headed hydra
 12480 | Lair:1   | Killed a five-headed hydra
 12880 | Lair:1   | Reached skill level 1 in Evocations
 13052 | Lair:1   | Received a gift from Trog
 13387 | Lair:2   | Noticed Maggie
 13394 | Lair:2   | Killed Maggie
 13470 | Lair:2   | Found a staircase to the Swamp.
 14162 | Lair:2   | Reached skill level 5 in Throwing
 14479 | Lair:2   | Noticed a four-headed hydra
 14487 | Lair:2   | Killed a one-headed hydra
 14488 | Lair:2   | Reached skill level 5 in Evocations
 14759 | Lair:2   | Reached XP level 13. HP: 102/113 MP: 13/13
 15124 | Lair:3   | Reached skill level 5 in Dodging
 15788 | Lair:3   | Reached skill level 15 in Fighting
 16422 | D:4      | Bought the ring of the Cockroach {rF+ rC+} for 468 gold
                  | pieces
 16796 | Lair:4   | Noticed Nergalle
 16807 | Lair:4   | Killed Nergalle
 17214 | Lair:4   | Noticed Sonja
 17221 | Lair:4   | Killed Sonja
 17732 | Lair:4   | Found a hole to the Spider Nest.
 18390 | Lair:5   | Reached skill level 21 in Polearms
 18416 | Lair:5   | Reached XP level 14. HP: 47/125 MP: 14/14
 19417 | Lair:5   | Reached skill level 22 in Polearms
 19765 | Lair:6   | Entered Level 6 of the Lair of Beasts
 19803 | Lair:6   | Succumbed to a sea snake's poison

Illustrated notes

Levels and vault maps discovered:
D:1:      dpeg_arrival_rooms_c, layout_rooms, grunt_decor_fettered
D:2:      layout_loops_ring, nicolae_overflow_hidden_temple, serial_undead,
          serial_undead_c, serial_undead_c, serial_undead_f, serial_undead_b,
          serial_undead_a, serial_shops, shop, minmay_fountain_box
D:3:      layout_basic, nicolae_overflow_crystal_walls
D:4:      layout_basic, lemuel_round_altar, minmay_temple_entry_statues_pillars,
          serial_shops, shop, kennysheep_generic_room_15, uniq_ijyb
D:5:      layout_loops_ring, cheibrodos_sewer_entry_sluice,
          uniq_crazy_yiuf_cottage
D:6:      layout_basic, makhleb_heckhound_becter, minmay_lizard_king,
          uniq_eustachio, uniq_pikel
D:7:      kennysheep_steamy, layout_basic
D:8:      layout_gridville, okawaru_trees_1
D:9:      minmay_chopped_fan, layout_long_grid, david_lair_shrubbed,
          gammafunk_ghost_wrathful_warriors, serial_shops,
          nicolae_shop_waterfront
D:10:     layout_cave_pools, enter_bailey_5, amcnicky_mini_pool_small,
          lemuel_centaur_altar
Lair:1:   layout_chaotic_city
Lair:2:   layout_layer_cave, swamp_mist, uniq_maggie
Lair:3:   layout_concentric_octagons, serial_bayou_crossing
Lair:4:   layout_hall_layers, spider_nest_entry_web_field, nzn_sisyphean_effort,
          uniq_sonja, uniq_nergalle
Lair:5:   nzn_motion_control, layout_gridlike
Lair:6:   gammafunk_lair_ancient_temple, layout_cave_pods,
          minmay_slime_entry_pillars, uniq_kirke

Skill      XL: |  1  2  3  4  5  6  7  8  9 10 11 12 13 14 |
---------------+-------------------------------------------+-----
Polearms       | 5 6 16 18 19 20 21 22 | 22.2
Armour         | 2 4 5 6 8 |  8.0
Fighting       | 4 6 7 8 12 14 16 | 16.0
Throwing       | 6 |  6.0
Evocations     | 5 6 |  6.0
Dodging        | 6 |  6.0

Action                   |  1- 3 |  4- 6 |  7- 9 | 10-12 | 13-15 || total
-------------------------+-------+-------+-------+-------+-------++-------
Melee: Spear             |   128 |   169 |   216 |       |       ||   513
       Glaive            |       |       |   211 |   512 |   375 ||  1098
       Tailslap          |       |       |     6 |     5 |     5 ||    16
       Trident           |       |       |       |     9 |       ||     9
Throw: Javelin           |       |       |       |     2 |       ||     2
       Dart              |       |       |       |       |     3 ||     3
Invok: Berserk           |     1 |       |     3 |     5 |     3 ||    12
       Trog's Hand       |       |       |     2 |     4 |     1 ||     7
       Brothers in Arms  |       |       |       |     1 |     1 ||     2
Evoke: Wand              |       |       |       |     1 |     2 ||     3
  Use: Scroll            |       |     5 |    15 |     8 |     2 ||    30
       Potion            |       |     2 |     2 |       |       ||     4
 Stab: Sleeping          |     2 |     9 |       |       |       ||    11
       Distracted        |     1 |       |       |     1 |       ||     2
       Paralysed         |       |       |       |       |     1 ||     1
Armor: Animal skin       |    17 |    37 |       |       |       ||    54
       Scale mail        |       |       |   108 |   159 |    45 ||   312
       Swamp dragon scal |       |       |       |       |    82 ||    82
Dodge: Dodged            |    58 |    70 |   176 |   251 |   145 ||   700

Table legend: (Time is in decaauts)
 A = Elapsed time spent in this place.
 B = Non-inter-level travel time spent in this place.
 C = Inter-level travel time spent in this place.
 D = Time resting spent in this place.
 E = Time spent auto-exploring this place.
 F = Levels seen in this place.
 G = Mean time per level.
                   A        B        C        D        E       F      G
               +--------+--------+--------+--------+--------+-----+--------+
         Total |  19325 |  17890 |   1435 |    916 |  14220 |  18 | 1073.6 |
       Dungeon |  11860 |  10830 |   1030 |    690 |   8488 |  10 | 1186.0 |
          Lair |   6949 |   6545 |    404 |    190 |   5563 |   6 | 1158.2 |
         Sewer |    207 |    207 |      0 |      0 |     67 |   1 |  207.0 |
        Bailey |    307 |    307 |      0 |     36 |    102 |   1 |  307.0 |
               +--------+--------+--------+--------+--------+-----+--------+

Top non-repeatable levels by time:
     D:9: 1777 daAuts
  Lair:5: 1765 daAuts
  Lair:2: 1504 daAuts
     D:7: 1340 daAuts
  Lair:3: 1300 daAuts
     D:8: 1262 daAuts
     D:6: 1243 daAuts
  Lair:4: 1239 daAuts
     D:3: 1201 daAuts
     D:2: 1194 daAuts
  Lair:1: 1115 daAuts
    D:10: 1107 daAuts
     D:1: 1046 daAuts
     D:4: 860 daAuts
     D:5: 827 daAuts
